 Dungeon Crawl Stone Soup version 0.16-a0-3420-gb95a3aa (webtiles) character file.

19 Kemay the Changer (level 2, -2/18 HPs)
             Began as an Octopode Transmuter on Dec 31, 2014.
             Slain by a gnoll
             ... wielding a +0 flail
              (9 damage)
             ... on level 2 of the Dungeon.
             The game lasted 00:02:44 (1277 turns).

Kemay the Changer (Octopode Transmuter)             Turns: 1277, Time: 00:02:45

Health: -2/18      AC:  1    Str:  9    XL:     2   Next: 75%
Magic:  4/4        EV: 12    Int: 17    God:
Gold:   57         SH:  0    Dex: 12    Spells: 1 memorised, 4 levels left

rFire  . . .     SeeInvis .       - Unarmed
rCold  . . .     Clarity  .     (no shield)
rNeg   . . .     SustAb   +     (helmet restricted)
rPois  .         Gourm    .     (no amulet)
rElec  .         Spirit   .     g - ring of sustain abilities
rCorr  .         Warding  .     (no ring)
rMut   .         Stasis   .     (no ring)
MR     +....                    (no ring)
Stlth  ++........               (no ring)
                                (no ring)
                                (no ring)
                                (no ring)

@: somewhat resistant to hostile enchantments, unstealthy
A: almost no armour, amphibious, 8 rings, constrict 8, tentacle spike 1,
camouflage 1, blurry vision 1, clever 1, magic resistance 1, mutation resistance
1, gelatinous body 1
a: no special abilities


You were on level 2 of the Dungeon.
You were not hungry.

You visited 1 branch of the dungeon, and saw 2 of its levels.

You collected 57 gold pieces.

Inventory:

Jewellery
 g - a ring of sustain abilities (left tentacle)
Scrolls
 e - 2 scrolls of identify
 f - a scroll of teleportation
Potions
 i - a potion of cure mutation
Books
 d - a book of Changes

   Spells                             Type                      Level
   a - Beastly Appendage              Transmutation                1
   b - Sticks to Snakes               Transmutation                2
   c - Spider Form                    Transmutation/Poison         3
   d - Ice Form                       Ice/Transmutation            4
   e - Blade Hands                    Transmutation                5
Comestibles
 a - a bread ration
 b - 2 slices of pizza
 c - a chunk of flesh
 h - 2 fruits


   Skills:
 - Level 1.0 Fighting
 - Level 2.0 Dodging
 - Level 3.0 Unarmed Combat
 - Level 2.0 Spellcasting
 + Level 3.2 Transmutations


You had 4 spell levels left.
You knew the following spells:

 Your Spells              Type           Power        Failure   Level  Hunger
a - Beastly Appendage     Trmt           ##....       6%          1    #......


Dungeon Overview and Level Annotations

Branches:
Dungeon (2/15)

Altars:


Innate Abilities, Weirdness & Mutations

You cannot wear most types of armour.
You are amphibious.
You can wear up to eight rings at the same time.
You can use your tentacles to constrict many enemies at once.
Your skin changes colour to match your surroundings (Stealth).
Your rubbery body absorbs attacks (AC +1).
One of your tentacles bears a spike.
Scrolls take you a little longer to read.
Your mind is acute. (Int +2)
You are resistant to hostile enchantments.
You are somewhat resistant to further mutation.


Message History

You feel resistant to hostile enchantments.
You feel genetically stable.
You tentacle-slap the gnoll but do no damage.
You grab the gnoll.
You pierce the gnoll, but do no damage.
You constrict the gnoll. The gnoll hits you with a flail.
You tentacle-slap the gnoll.
The gnoll is moderately wounded.
You constrict the gnoll. The gnoll hits you with a flail.
You barely miss the gnoll.
Your tentacle spike misses the gnoll.
The gnoll is moderately wounded.
You constrict the gnoll. You barely miss the gnoll.
The gnoll is heavily wounded.
You constrict the gnoll, but do no damage.
The gnoll barely misses you.
You tentacle-slap the gnoll.
The gnoll is severely wounded.
You constrict the gnoll. The gnoll hits you with a flail!
Ouch! That really hurt!
You die...

....##...# ....##...#
....##...# ....##...#
....##...# ....##...#
######## .....'...+
#......#
######...#######......#
...............g@.....+
...#############......#
... #.>....# ...
#......# ### #......#
#......# #......#
########


You could see a gnoll.

Vanquished Creatures
  An ooze (D:2)
  3 bats (D:1)
  A giant cockroach (D:1)
  4 goblins (D:1)
  2 hobgoblins (D:1)
  2 kobolds (D:1)
  4 rats
17 creatures vanquished.

Notes
Turn   | Place    | Note
--------------------------------------------------------------
     0 | D:1      | Kemay, the Octopode Transmuter, began the quest for the Orb.
     0 | D:1      | Reached XP level 1. HP: 13/13 MP: 3/3
   401 | D:1      | Gained mutation: Scrolls take you a little longer to read. [potion of mutation]
   401 | D:1      | Gained mutation: One of your tentacles bears a spike. [potion of mutation]
   401 | D:1      | Gained mutation: Your mind is acute. (Int +2) [potion of mutation]
   539 | D:1      | Reached XP level 2. HP: 16/18 MP: 4/4
  1271 | D:2      | Gained mutation: You are resistant to hostile enchantments. [potion of mutation]
  1271 | D:2      | Gained mutation: You are somewhat resistant to further mutation. [potion of mutation]
  1277 | D:2      | Slain by a gnoll

Action                   || total
-------------------------++-------
Melee: Unarmed           ||    53
 Cast: Beastly Appendage ||     1
  Use: Scroll            ||     5
       Potion            ||     2
 Stab: Sleeping          ||     2
  Eat: Chunk             ||     1
